 Dungeon Crawl Stone Soup version 0.16.2-12-gd0ad4c3 (webtiles) character file.

287 HAWKINGL3623 the Skirmisher (level 6, -3/55 HPs)
             Began as a Hill Orc Abyssal Knight on Dec 18, 2015.
             Was a Priest of Lugonu.
             Slain by an iguana (14 damage)
             ... on level 6 of the Dungeon.
             The game lasted 00:28:45 (3627 turns).

HAWKINGL3623 the Skirmisher (HOAK)                  Turns: 3627, Time: 00:28:46

Health: -3/55      AC:  3    Str: 17    XL:     6   Next: 30%
Magic:  9/9        EV:  4    Int: 12    God:    Lugonu [***...]
Gold:   119        SH:  0    Dex: 10    Spells: 0 memorised, 5 levels left

rFire  . . .     SeeInvis .     a - +1 mace
rCold  . . .     Clarity  .     g - +1 chain mail
rNeg   . . .     SustAb   .     (no shield)
rPois  .         Gourm    .     (no helmet)
rElec  .         Spirit   .     (no cloak)
rCorr  .         Warding  .     (no gloves)
rMut   .         Stasis   .     (no boots)
MR     .....                    (no amulet)
Stlth  ..........               r - -2 ring of protection (curse)
                                j - -3 ring of evasion (curse)

@: corroded equipment, not resistant to hostile enchantments, extremely
unstealthy
A: no striking features
a: Depart the Abyss, Bend Space, Banish, Renounce Religion


You were on level 6 of the Dungeon.
You worshipped Lugonu.
Lugonu was most pleased with you.
You were not hungry.

You visited 1 branch of the dungeon, and saw 5 of its levels.
You visited the Abyss 1 time.

You collected 119 gold pieces.

Inventory:

Hand weapons
 a - a +1 mace (weapon)
 h - a +1 hunting sling of evasion
Missiles
 o - 3 tomahawks (quivered)
Armour
 b - a +0 leather armour
 g - a +1 chain mail (worn)
Jewellery
 j - a cursed -3 ring of evasion (left hand)
 r - a cursed -2 ring of protection (right hand)
Magical devices
 d - a wand of random effects (8)
Scrolls
 n - 2 scrolls of teleportation
Potions
 e - a potion of flight
 i - a potion of restore abilities {unknown}
 k - a potion of curing {unknown}
 l - a potion of haste {unknown}
 m - a potion of agility {unknown}
 p - a potion of berserk rage {unknown}
Comestibles
 c - 2 meat rations
 f - 2 bread rations
 q - 4 fruits


   Skills:
 + Level 4.9 Fighting
 + Level 4.0 Maces & Flails
 + Level 0.8 Slings
 + Level 3.8 Armour
 + Level 2.0 Dodging
 + Level 0.5 Stealth
 + Level 3.1 Invocations


You had 5 spell levels left.
You didn't know any spells.

Dungeon Overview and Level Annotations

Branches:
Dungeon (6/15)             Temple (0/1) D:4

Altars:
Ashenzari


Message History

A phantom comes into view.
You open the door.
Found a stone staircase leading up.
There is an open door here.
You hit the jelly.
The jelly is moderately wounded.
The jelly hits you.
You are splashed with acid!
The acid burns!
You hit the jelly.
The jelly is heavily wounded.
The jelly hits you.
You are splashed with acid!
The acid corrodes your equipment!
The acid burns!
You hit the jelly.
The jelly is almost dead.
The jelly hits you.
You are splashed with acid!
The acid burns!
* * * LOW HITPOINT WARNING * * *
You hit the jelly.
You kill the jelly!
Lugonu accepts your kill.
You barely miss the iguana. The iguana bites you!
You die...

#..............#..
...............#...#
...............#...#
...............#...#
...............#...+
...............#...#
...............#...#
...............#..<#
..............Wl@..#
###+######.....#...#
# +.....#...# +
#....W#...# #
#.....#...# #
#.....#...# #
#.....#...# #
.....#...# # ..#..


You could see a phantom and an iguana.

Vanquished Creatures
  A hound (D:4)
  A jelly (D:6)
  Terence (D:3)
  3 gnolls (D:2)
  8 adders
  2 worms
  7 giant geckos
  An ooze (D:3)
  11 orcs
  A bat zombie (D:3)
  A giant cockroach (D:2)
  5 goblins
  9 hobgoblins
  10 jackals
  A quokka (D:3)
  11 bats
  2 giant newts
  4 kobolds
  8 rats
87 creatures vanquished.

Notes
Turn   | Place    | Note
--------------------------------------------------------------
     0 | Abyss:1  | HAWKINGL3623, the Hill Orc Abyssal Knight, began the quest for the Orb.
     0 | Abyss:1  | Reached XP level 1. HP: 19/19 MP: 1/1
     7 | D:1      | Escaped the Abyss
   116 | D:1      | Acquired Lugonu's first power
   298 | D:1      | Reached XP level 2. HP: 24/27 MP: 2/2
   327 | D:1      | Reached skill level 4 in Fighting
   548 | D:1      | Reached skill level 1 in Dodging
   813 | D:2      | Reached XP level 3. HP: 33/33 MP: 4/4
  1122 | D:2      | Reached XP level 4. HP: 21/41 MP: 6/6
  1342 | D:2      | Acquired Lugonu's second power
  1777 | D:2      | Reached XP level 5. HP: 33/47 MP: 8/8
  2631 | D:3      | Acquired Lugonu's third power
  2751 | D:3      | Noticed Terence
  2767 | D:3      | Killed Terence
  3035 | D:3      | Found a shattered altar of Ashenzari.
  3180 | D:4      | Found a staircase to the Ecumenical Temple.
  3242 | D:4      | Reached XP level 6. HP: 36/55 MP: 9/9
  3523 | D:4      | You fall through a shaft for 2 floors!
  3627 | D:6      | Slain by an iguana

Action                   |  1- 3 |  4- 6 || total
-------------------------+-------+-------++-------
Melee: Mace              |    94 |   244 ||   338
 Fire: Hunting sling     |       |    25 ||    25
Throw: Stone             |       |     1 ||     1
       Tomahawk          |       |     6 ||     6
Invok: Depart the Abyss  |     1 |       ||     1
       Bend Space        |       |     1 ||     1
  Use: Scroll            |     4 |     7 ||    11
       Potion            |     5 |       ||     5
  Eat: Pizza             |     1 |       ||     1
       Bread ration      |       |     2 ||     2
